Phantoms vs Devils

Created - Sunday, January 5, 2025 at 00:51

Goals
1 2 3 T
Phantoms 0 0 2 2
Devils 1 1 1 3
Shots
1 2 3 T
Phantoms 10 6 8 24
Devils 5 4 19 28

1st period

1. Devils , Cole Schwindt 4 (Sebastian AhoD 17, Alex Limoges 23) at 0:34 (PP)

Penalties :
Matt Rempe (LEH) for Cross-checking (Minor) at 0:30, William Lockwood (BIN) for Hooking (Minor) at 11:55, Mark Kastelic (BIN) for Fighting (Major) at 15:23, Matt Rempe (LEH) for Fighting (Major) at 15:23

2nd period

2. Devils , Arshdeep Bains 18 (Christian Wolanin 13, Cole Schwindt 8) at 6:19 (PP)

Penalties :
Leon Gawanke (LEH) for Hooking (Minor) at 2:14, Leon Gawanke (LEH) for Interference (Minor) at 5:56, Mark Kastelic (BIN) for Holding (Minor) at 9:39, Christian Wolanin (BIN) for Roughing (Minor) at 11:21

3rd period

3. Devils , Arshdeep Bains 19 (Alex Limoges 24, Connor Carrick 14) at 6:08
4. Phantoms , Matej Blumel 26 (Simon Lundmark 12, Oskar Back 30) at 6:43
5. Phantoms , Matt Rempe 6 (Fredrik Karlstrom 19) at 11:43

Penalties :
Justin Kirkland (LEH) for Hooking (Minor) at 1:21, Robert Hagg (LEH) for Tripping (Minor) at 12:46, Leon Gawanke (LEH) for Tripping (Minor) at 14:46, Robert Hagg (LEH) for Tripping (Minor) at 15:08, Matt Rempe (LEH) for Holding (Minor) at 18:30

Goalie Stats

Matt Villalta (LEH), 25 saves from 28 shots - (0.893), L, 12-14-4, 60:00 minutes
Joel Blomqvist (BIN), 22 saves from 24 shots - (0.917), W, 21-15-3, 60:00 minutes

Players Stats for Phantoms

Player Name              G  A  P  +/- PIM S  H  SB GA TA FO     MP     PP MP  PK MP  
------------------------------------------------------------------------------------
Bokondji Imama           0  0  0   0  0   2  0  0  0  0  0/2    12:47   0:00   0:00 
Dryden Hunt              0  0  0   0  0   0  2  0  0  0  0/0    19:14   2:26   0:00 
Fredrik Karlstrom        0  1  1   0  0   3  0  0  0  0  10/18  22:10   2:37   5:19 
Jansen Harkins           0  0  0   0  0   2  2  0  0  0  1/1    20:25   3:02   1:37 
Jermaine Loewen          0  0  0   0  0   0  0  0  0  0  0/0     0:42   0:07   0:00 
Jonathan Aspirot         0  0  0   0  0   0  0  0  0  0  0/0    15:23   0:00   0:00 
Justin Bailey            0  0  0   0  0   1  0  0  0  0  0/0     1:32   0:28   0:00 
Justin Kirkland          0  0  0   1  2   1  1  0  0  0  1/2    14:30   0:00   0:00 
Leon Gawanke             0  0  0   1  6   2  0  0  0  0  0/0    19:14   2:29   3:24 
Mac Hollowell            0  0  0   0  0   0  0  0  0  0  0/0     0:32   0:00   0:27 
Matej Blumel             1  0  1   1  0   4  0  0  0  0  1/1    17:16   0:12   1:44 
Matt Rempe               1  0  1   0  9   3  6  1  0  0  5/10   17:27   3:02   2:13 
Oskar Back               0  1  1   1  0   2  2  0  0  0  17/31  23:15   1:52   5:56 
Reilly Walsh             0  0  0   0  0   1  2  0  0  0  0/0    23:00   3:11   4:01 
Robert Hagg              0  0  0   0  4   0  2  0  0  0  0/0    21:31   3:11   2:05 
Ruslan Iskhakov          0  0  0   0  0   1  0  0  0  0  9/19   18:47   3:14   2:02 
Simon Lundmark           0  1  1   1  0   2  1  3  0  0  0/0    21:37   2:29   6:13 
Ville Heinola            0  0  0   0  0   0  1  2  0  0  0/0    18:38   0:00   4:17 

Players Stats for Devils

Player Name              G  A  P  +/- PIM S  H  SB GA TA FO     MP     PP MP  PK MP  
------------------------------------------------------------------------------------
Adam Erne                0  0  0  -1  0   0  1  0  0  0  0/1    17:31   4:38   1:40 
Alex Limoges             0  2  2   0  0   2  2  0  0  0  15/28  20:15   5:18   1:43 
Arshdeep Bains           2  0  2   0  0   5  0  0  0  0  0/1    21:25   5:36   2:32 
Bobby Brink              0  0  0   0  0   2  1  0  0  0  0/1    13:14   0:00   0:00 
Calen Addison            0  0  0  -1  0   1  2  0  0  0  0/0    22:49   4:26   2:37 
Christian Wolanin        0  1  1   1  2   0  3  1  0  0  0/0    20:58   5:41   0:54 
Cole Schwindt            1  1  2  -1  0   5  0  0  0  0  8/18   17:41   5:36   1:24 
Connor Carrick           0  1  1   1  0   1  6  1  0  0  0/0    22:23   5:41   2:19 
Jakob Pelletier          0  0  0   0  0   1  0  0  0  0  1/2    17:07   4:38   0:29 
Jimmy Huntington         0  0  0   0  0   1  1  0  0  0  1/4     8:11   0:00   0:00 
Kale Clague              0  0  0  -1  0   0  1  0  0  0  0/0    14:54   0:07   1:45 
Mark Kastelic            0  0  0   0  7   0  1  0  0  0  11/22  16:04   4:38   1:55 
Matt Luff                0  0  0  -1  0   3  0  1  0  0  2/2    18:13   0:00   0:00 
Nathan Smith             0  0  0   0  0   0  0  0  0  0  0/1     1:20   0:00   1:20 
Nick DeSimone            0  0  0  -1  0   0  1  0  0  0  0/0    14:57   0:07   0:53 
Sebastian AhoD           0  1  1  -1  0   7  1  0  0  0  0/0    23:58   4:26   2:51 
William Lockwood         0  0  0   0  2   0  1  0  0  0  1/3     3:20   0:18   0:00 
Zach Aston-Reese         0  0  0   0  0   0  2  0  0  0  1/1    19:39   0:00   0:00 

3 Stars

1 - Arshdeep Bains (BIN)
2 - Connor Carrick (BIN)
3 - Cole Schwindt (BIN)

Power Play

Phantoms - 0 on 3 Attempt(s) - 0.00%
Devils - 2 on 8 Attempt(s) - 25.00%

Penalty Kill

Phantoms - 6 on 8 Attempt(s) - 75.00% - Score 0 goal in Penalty Kill
Devils - 3 on 3 Attempt(s) - 100.00% - Score 0 goal in Penalty Kill

Team Stat

Phantoms - Hits : 19 - Faceoff Wins : 44 - Blocked Shots : 6 - Penalty Minutes : 21
Devils - Hits : 23 - Faceoff Wins : 40 - Blocked Shots : 3 - Penalty Minutes : 11

Official

Referees : Brandon Blandina and Eric Furlatt
Linesman : Devin Berg and Kilian McNamara

Game Notes

Mark Kastelic and Matt Rempe fight to a draw at 15:23 of 1st period

Finance

Level 1 -- Attendance: 2000 (100.00%) -- Ticket Income $70,000
Level 2 -- Attendance: 1000 (100.00%) -- Ticket Income $15,000
Total Attendance: 3000 (100.00%)
Total Ticket Income: $85,000
Other Income: $41,650
Total Income: $126,650

Phantoms

5 vs 5 Forward 
   Center                   Left Wing                Right Wing               Time % Phy DF OF 
 1 Oskar Back               Matej Blumel             Justin Kirkland          25     1   2  2  
 2 Ruslan Iskhakov          Jansen Harkins           Dryden Hunt              25     1   2  2  
 3 Fredrik Karlstrom        Bokondji Imama           Matt Rempe               25     1   2  2  
 4 Matt Rempe               Dryden Hunt              Jansen Harkins           25     1   2  2  

5 vs 5 Defense 
   Defense                  Defense                                           Time % Phy DF OF 
 1 Robert Hagg              Reilly Walsh                                      25     1   2  2  
 2 Leon Gawanke             Simon Lundmark                                    25     1   2  2  
 3 Jonathan Aspirot         Ville Heinola                                     25     1   2  2  
 4 Reilly Walsh             Robert Hagg                                       25     1   2  2  

PowerPlay Forward 
   Center                   Left Wing                Right Wing               Time % Phy DF OF 
 1 Oskar Back               Dryden Hunt              Fredrik Karlstrom        60     1   2  2  
 2 Ruslan Iskhakov          Jansen Harkins           Matt Rempe               40     1   2  2  

PowerPlay Defense
   Defense                  Defense                                           Time % Phy DF OF 
 1 Robert Hagg              Reilly Walsh                                      60     1   2  2  
 2 Leon Gawanke             Simon Lundmark                                    40     1   2  2  

Penalty Kill 4 Players Forward 
   Center                   Wing                     Time % Phy DF OF 
 1 Oskar Back               Fredrik Karlstrom        60     1   2  2  
 2 Matt Rempe               Jansen Harkins           40     1   2  2  

Penalty Kill 4 Players Defense
   Defense                  Defense                  Time % Phy DF OF 
 1 Robert Hagg              Reilly Walsh             60     1   2  2  
 2 Leon Gawanke             Simon Lundmark           40     1   2  2  

Penalty Kill - 3 Players Forward 
   Forward                                           Time % Phy DF OF 
 1 Fredrik Karlstrom                                 60     1   2  2  
 2 Oskar Back                                        40     1   2  2  

Penalty Kill - 3 Players Defense
   Defense                  Defense                  Time % Phy DF OF 
 1 Robert Hagg              Reilly Walsh             60     1   2  2  
 2 Leon Gawanke             Simon Lundmark           40     1   2  2  

4 vs 4 Forward 
   Center                   Wing                     Time % Phy DF OF 
 1 Oskar Back               Fredrik Karlstrom        60     1   2  2  
 2 Dryden Hunt              Jansen Harkins           40     1   2  2  

4 vs 4 Defense
   Defense                  Defense                  Time % Phy DF OF 
 1 Robert Hagg              Reilly Walsh             60     1   2  2  
 2 Leon Gawanke             Simon Lundmark           40     1   2  2  

Last Minutes Offensive
   Center                   Left Wing                Right Wing               Defense                  Defense                  
   Oskar Back               Matej Blumel             Dryden Hunt              Robert Hagg              Reilly Walsh             

Last Minutes Defensive
   Center                   Left Wing                Right Wing               Defense                  Defense                  
   Oskar Back               Matej Blumel             Dryden Hunt              Robert Hagg              Reilly Walsh             

Goaltenders
Starting : Matt Villalta            
Backup : FarmGoal5                

Extra Forwards
Normal : Fredrik Karlstrom, Oskar Back, Matt Rempe - PP : Fredrik Karlstrom, Oskar Back - PK : Matt Rempe
Extra Defensemen
Normal : Jonathan Aspirot, Ville Heinola, Robert Hagg - PP : Jonathan Aspirot - PK : Ville Heinola, Robert Hagg
Penalty Shots
Fredrik Karlstrom, Dryden Hunt, Matt Rempe, Jansen Harkins, Oskar Back
Custom OT Lines Forwards
Jermaine Loewen, Dryden Hunt, Matej Blumel, Jansen Harkins, Oskar Back, Ruslan Iskhakov, Fredrik Karlstrom, Justin Kirkland, Matt Rempe, Bokondji Imama
Custom OT Lines Defensemen
Robert Hagg, Reilly Walsh, Leon Gawanke, Simon Lundmark, Jonathan Aspirot

Scratches
Farm Player 117 (Healthy), Farm Player 118 (Healthy), Alexis Gendron (Healthy), Mason Millman (Healthy)

Devils

5 vs 5 Forward 
   Center                   Left Wing                Right Wing               Time % Phy DF OF 
 1 Alex Limoges             Arshdeep Bains           Bobby Brink              25     1   2  2  
 2 Mark Kastelic            Jakob Pelletier          Zach Aston-Reese         25     1   2  2  
 3 Cole Schwindt            Matt Luff                Adam Erne                25     1   2  2  
 4 Jimmy Huntington         Zach Aston-Reese         Matt Luff                25     1   2  2  

5 vs 5 Defense 
   Defense                  Defense                                           Time % Phy DF OF 
 1 Calen Addison            Sebastian AhoD                                    25     1   2  2  
 2 Connor Carrick           Christian Wolanin                                 25     1   2  2  
 3 Nick DeSimone            Kale Clague                                       25     1   2  2  
 4 Sebastian AhoD           Calen Addison                                     25     1   2  2  

PowerPlay Forward 
   Center                   Left Wing                Right Wing               Time % Phy DF OF 
 1 Alex Limoges             Arshdeep Bains           Cole Schwindt            60     1   2  2  
 2 Mark Kastelic            Jakob Pelletier          Adam Erne                40     1   2  2  

PowerPlay Defense
   Defense                  Defense                                           Time % Phy DF OF 
 1 Calen Addison            Sebastian AhoD                                    60     1   2  2  
 2 Connor Carrick           Christian Wolanin                                 40     1   2  2  

Penalty Kill 4 Players Forward 
   Center                   Wing                     Time % Phy DF OF 
 1 Mark Kastelic            Adam Erne                60     1   2  2  
 2 Alex Limoges             Arshdeep Bains           40     1   2  2  

Penalty Kill 4 Players Defense
   Defense                  Defense                  Time % Phy DF OF 
 1 Calen Addison            Sebastian AhoD           60     1   2  2  
 2 Connor Carrick           Christian Wolanin        40     1   2  2  

Penalty Kill - 3 Players Forward 
   Forward                                           Time % Phy DF OF 
 1 Alex Limoges                                      60     1   2  2  
 2 Arshdeep Bains                                    40     1   2  2  

Penalty Kill - 3 Players Defense
   Defense                  Defense                  Time % Phy DF OF 
 1 Calen Addison            Sebastian AhoD           60     1   2  2  
 2 Connor Carrick           Christian Wolanin        40     1   2  2  

4 vs 4 Forward 
   Center                   Wing                     Time % Phy DF OF 
 1 Adam Erne                Mark Kastelic            60     1   2  2  
 2 Alex Limoges             Arshdeep Bains           40     1   2  2  

4 vs 4 Defense
   Defense                  Defense                  Time % Phy DF OF 
 1 Calen Addison            Sebastian AhoD           60     1   2  2  
 2 Connor Carrick           Christian Wolanin        40     1   2  2  

Last Minutes Offensive
   Center                   Left Wing                Right Wing               Defense                  Defense                  
   Alex Limoges             Arshdeep Bains           Bobby Brink              Calen Addison            Sebastian AhoD           

Last Minutes Defensive
   Center                   Left Wing                Right Wing               Defense                  Defense                  
   Alex Limoges             Arshdeep Bains           Bobby Brink              Calen Addison            Sebastian AhoD           

Goaltenders
Starting : Joel Blomqvist           
Backup : Michael DiPietro         

Extra Forwards
Normal : William Lockwood, Adam Erne, Cole Schwindt - PP : William Lockwood, Adam Erne - PK : Cole Schwindt
Extra Defensemen
Normal : Nick DeSimone, Kale Clague, Sebastian AhoD - PP : Nick DeSimone - PK : Kale Clague, Calen Addison
Penalty Shots
Cole Schwindt, Adam Erne, Alex Limoges, Arshdeep Bains, Mark Kastelic
Custom OT Lines Forwards
Bobby Brink, William Lockwood, Alex Limoges, Arshdeep Bains, Mark Kastelic, Adam Erne, Matt Luff, Jakob Pelletier, Cole Schwindt, Jimmy Huntington
Custom OT Lines Defensemen
Calen Addison, Sebastian AhoD, Connor Carrick, Christian Wolanin, Nick DeSimone

Scratches
Mitchell Hoelscher (Healthy), Riley Damiani (Healthy), Hardy Haman Aktell (Healthy), Akito Hirose (Healthy), Ondrej Pavel (Healthy)
Ryan McGregor (Healthy), Jagger Joshua (Healthy), Aidan McDonough (Healthy), Greg Meireles (Healthy), Mathias Laferriere (Healthy)
Erik Kallgren (Healthy)

% Time on Ice - Phantoms

Lines # - Real PCT - Wanted PCT - Time Play
Normal Forward
1 - 33% - 25% - 14:31
2 - 25% - 25% - 11:06
3 - 29% - 25% - 12:47
4 - 13% - 25% - 5:42
Normal Defense
1 - 18% - 25% - 8:04
2 - 30% - 25% - 13:24
3 - 33% - 25% - 14:26
4 - 19% - 25% - 8:12
PP Forward
1 - 46% - 60% - 2:38
2 - 54% - 40% - 3:02
PP Defense
1 - 56% - 60% - 3:11
2 - 44% - 40% - 2:29
PK Forward
1 - 81% - 60% - 7:00
2 - 19% - 40% - 1:37
PK Defense
1 - 35% - 60% - 3:01
2 - 65% - 40% - 5:36
PK3 Forward
1 - 100% - 60% - 1:37
2 - 0% - 40% - 0:00
PK3 Defense
1 - 59% - 60% - 0:57
2 - 41% - 40% - 0:40
44 Forward
1 - 0% - 60%
2 - 0% - 40%
44 Defense
1 - 0% - 60%
2 - 0% - 40%
Last Minute Offensive  - 0:00
Last Minute Defensive  - 0:00
Total
Forward - 60:00
Defense - 60:00

% Time on Ice - Devils

Lines # - Real PCT - Wanted PCT - Time Play
Normal Forward
1 - 30% - 25% - 13:14
2 - 27% - 25% - 12:00
3 - 24% - 25% - 10:41
4 - 19% - 25% - 8:11
Normal Defense
1 - 19% - 25% - 8:14
2 - 33% - 25% - 14:23
3 - 32% - 25% - 13:57
4 - 17% - 25% - 7:32
PP Forward
1 - 55% - 60% - 5:36
2 - 45% - 40% - 4:38
PP Defense
1 - 44% - 60% - 4:33
2 - 56% - 40% - 5:41
PK Forward
1 - 78% - 60% - 4:13
2 - 22% - 40% - 1:10
PK Defense
1 - 47% - 60% - 2:32
2 - 53% - 40% - 2:51
PK3 Forward
1 - 100% - 60% - 0:17
2 - 0% - 40% - 0:00
PK3 Defense
1 - 0% - 60% - 0:00
2 - 100% - 40% - 0:17
44 Forward
1 - 0% - 60%
2 - 0% - 40%
44 Defense
1 - 0% - 60%
2 - 0% - 40%
Last Minute Offensive  - 0:00
Last Minute Defensive  - 0:00
Total
Forward - 60:00
Defense - 60:00

Play-by-Play

1st period


0:01 of 1st period - Alex Limoges wins face-off versus Oskar Back in neutral zone.
0:04 of 1st period - Justin Kirkland is hit by Bobby Brink and loses puck.
0:13 of 1st period - Shot by Justin Kirkland.
0:13 of 1st period - Shot Misses the Net.
0:15 of 1st period - Shot by Reilly Walsh.
0:15 of 1st period - Stopped by Joel Blomqvist with a rebound.
0:23 of 1st period - Shot by Matej Blumel.
0:23 of 1st period - Stopped by Joel Blomqvist without a rebound.
0:24 of 1st period - Mark Kastelic wins face-off versus Ruslan Iskhakov in Devils zone.
0:28 of 1st period - Off-side.
0:29 of 1st period - Cole Schwindt wins face-off versus Fredrik Karlstrom in neutral zone.
0:29 of 1st period - Matt Luff is hit by Matt Rempe and loses puck.
0:30 of 1st period - Minor Penalty to Matt Rempe for Cross-checking.
0:31 of 1st period - Alex Limoges wins face-off versus Oskar Back in Phantoms zone.
0:32 of 1st period - Shot by Sebastian AhoD.
0:32 of 1st period - Stopped by Matt Villalta with a rebound.
0:34 of 1st period - Shot by Cole Schwindt.
0:34 of 1st period - Goal by Cole Schwindt - Phantoms : 0 - Devils : 1.
0:35 of 1st period - Matt Rempe wins face-off versus Jimmy Huntington in neutral zone.
2:12 of 1st period - Off-side.
2:13 of 1st period - Fredrik Karlstrom wins face-off versus Alex Limoges in neutral zone.
3:18 of 1st period - Icing by Robert Hagg.
3:19 of 1st period - Jansen Harkins wins face-off versus Cole Schwindt in Phantoms zone.
5:08 of 1st period - Shot by Fredrik Karlstrom.
5:08 of 1st period - Shot Misses the Net.
5:13 of 1st period - Matt Rempe is hit by Calen Addison and loses puck.
5:37 of 1st period - Oskar Back is hit by Connor Carrick and loses puck.
5:51 of 1st period - Off-side.
5:52 of 1st period - Ruslan Iskhakov wins face-off versus Alex Limoges in neutral zone.
5:55 of 1st period - Alex Limoges is hit by Dryden Hunt and loses puck.
5:59 of 1st period - Christian Wolanin is hit by Dryden Hunt and loses puck.
6:54 of 1st period - Jansen Harkins is hit by William Lockwood and loses puck.
7:02 of 1st period - Icing by Leon Gawanke.
7:03 of 1st period - Ruslan Iskhakov wins face-off versus Cole Schwindt in Phantoms zone.
7:31 of 1st period - Shot by Cole Schwindt.
7:31 of 1st period - Stopped by Matt Villalta with a rebound.
7:39 of 1st period - Shot by Reilly Walsh.
7:39 of 1st period - Shot Misses the Net.
8:07 of 1st period - Icing by Connor Carrick.
8:08 of 1st period - Alex Limoges wins face-off versus Oskar Back in Devils zone.
8:13 of 1st period - Shot by Arshdeep Bains.
8:13 of 1st period - Stopped by Matt Villalta without a rebound.
8:14 of 1st period - Mark Kastelic wins face-off versus Oskar Back in Phantoms zone.
8:32 of 1st period - Off-side.
8:33 of 1st period - Oskar Back wins face-off versus Bobby Brink in neutral zone.
8:46 of 1st period - Oskar Back is hit by Christian Wolanin and loses puck.
8:58 of 1st period - Matej Blumel is hit by Connor Carrick.
9:01 of 1st period - Justin Kirkland is hit by Connor Carrick and loses puck.
9:12 of 1st period - Arshdeep Bains is hit by Matt Rempe and loses puck.
9:30 of 1st period - Matt Rempe is hit by Christian Wolanin.
10:07 of 1st period - Matej Blumel is hit by Connor Carrick.
10:55 of 1st period - Sebastian AhoD is hit by Reilly Walsh and loses puck.
11:20 of 1st period - Shot by Oskar Back.
11:20 of 1st period - Stopped by Joel Blomqvist without a rebound.
11:21 of 1st period - Oskar Back wins face-off versus Cole Schwindt in Devils zone.
11:55 of 1st period - Minor Penalty to William Lockwood for Hooking.
11:56 of 1st period - Jakob Pelletier wins face-off versus Ruslan Iskhakov in Devils zone.
12:02 of 1st period - Icing by Jansen Harkins.
12:03 of 1st period - Ruslan Iskhakov wins face-off versus Mark Kastelic in Phantoms zone.
14:43 of 1st period - Shot by Justin Bailey.
14:43 of 1st period - Deflect By Fredrik Karlstrom.
14:43 of 1st period - Stopped by Joel Blomqvist with a rebound.
14:49 of 1st period - Shot by Justin Bailey.
14:49 of 1st period - Stopped by Joel Blomqvist without a rebound.
14:50 of 1st period - Fredrik Karlstrom wins face-off versus Alex Limoges in Devils zone.
14:56 of 1st period - Icing by Arshdeep Bains.
14:57 of 1st period - Alex Limoges wins face-off versus Ruslan Iskhakov in Devils zone.
15:10 of 1st period - Shot by Alex Limoges.
15:10 of 1st period - Shot Blocked by Ville Heinola.
15:14 of 1st period - Shot by Alex Limoges.
15:14 of 1st period - Shot Misses the Net.
15:16 of 1st period - Shot by Bobby Brink.
15:16 of 1st period - Stopped by Matt Villalta without a rebound.
15:17 of 1st period - Mark Kastelic wins face-off versus Matt Rempe in Phantoms zone.
15:23 of 1st period - Mark Kastelic and Matt Rempe fight to a draw.
15:23 of 1st period - Penalty to Mark Kastelic for Fighting.
15:23 of 1st period - Penalty to Matt Rempe for Fighting.
15:24 of 1st period - Fredrik Karlstrom wins face-off versus Jakob Pelletier in neutral zone.
15:50 of 1st period - Shot by Reilly Walsh.
15:50 of 1st period - Shot Misses the Net.
15:52 of 1st period - Shot by Bokondji Imama.
15:52 of 1st period - Shot Misses the Net.
15:54 of 1st period - Shot by Fredrik Karlstrom.
15:54 of 1st period - Stopped by Joel Blomqvist without a rebound.
15:55 of 1st period - Ruslan Iskhakov wins face-off versus Cole Schwindt in Devils zone.
15:55 of 1st period - Ruslan Iskhakov is hit by Connor Carrick.
16:09 of 1st period - Ruslan Iskhakov is hit by Connor Carrick and loses puck.
16:14 of 1st period - Shot by Jansen Harkins.
16:14 of 1st period - Stopped by Joel Blomqvist with a rebound.
16:16 of 1st period - Shot by Simon Lundmark.
16:16 of 1st period - Shot Misses the Net.
16:18 of 1st period - Shot by Dryden Hunt.
16:18 of 1st period - Shot Misses the Net.
16:30 of 1st period - Shot by Ruslan Iskhakov.
16:30 of 1st period - Stopped by Joel Blomqvist with a rebound.
16:32 of 1st period - Shot by Jansen Harkins.
16:32 of 1st period - Shot Misses the Net.
16:45 of 1st period - Oskar Back is hit by Christian Wolanin and loses puck.
16:50 of 1st period - Shot by Bokondji Imama.
16:50 of 1st period - Shot Misses the Net.
16:52 of 1st period - Shot by Bokondji Imama.
16:52 of 1st period - Stopped by Joel Blomqvist without a rebound.
16:53 of 1st period - Oskar Back wins face-off versus William Lockwood in Devils zone.
18:01 of 1st period - Shot by Fredrik Karlstrom.
18:01 of 1st period - Shot Misses the Net.
18:04 of 1st period - Icing by Kale Clague.
18:05 of 1st period - Alex Limoges wins face-off versus Ruslan Iskhakov in Devils zone.
18:05 of 1st period - Alex Limoges is hit by Jansen Harkins.
18:38 of 1st period - Shot by Jimmy Huntington.
18:38 of 1st period - Shot Misses the Net.
18:40 of 1st period - Shot by Christian Wolanin.
18:40 of 1st period - Shot Blocked by Simon Lundmark.
19:47 of 1st period - Shot by Justin Kirkland.
19:47 of 1st period - Stopped by Joel Blomqvist without a rebound.
19:48 of 1st period - Alex Limoges wins face-off versus Justin Kirkland in Devils zone.
Goals for this period are 0 for Phantoms vs 1 for Devils.
Shots for this period are 10 for Phantoms vs 5 for Devils.

2nd period


0:01 of 2nd period - Fredrik Karlstrom wins face-off versus Jimmy Huntington in neutral zone.
0:11 of 2nd period - Icing by Calen Addison.
0:12 of 2nd period - Oskar Back wins face-off versus Jimmy Huntington in Devils zone.
0:17 of 2nd period - Shot by Matej Blumel.
0:17 of 2nd period - Shot Misses the Net.
0:19 of 2nd period - Shot by Leon Gawanke.
0:19 of 2nd period - Stopped by Joel Blomqvist without a rebound.
0:20 of 2nd period - William Lockwood wins face-off versus Fredrik Karlstrom in Devils zone.
1:28 of 2nd period - Shot by Adam Erne.
1:28 of 2nd period - Deflect By Matt Luff.
1:28 of 2nd period - Shot Misses the Net.
1:43 of 2nd period - Icing by Dryden Hunt.
1:44 of 2nd period - Fredrik Karlstrom wins face-off versus Alex Limoges in Phantoms zone.
1:44 of 2nd period - Fredrik Karlstrom is hit by Alex Limoges.
2:03 of 2nd period - Bobby Brink is hit by Simon Lundmark and loses puck.
2:14 of 2nd period - Minor Penalty to Leon Gawanke for Hooking.
2:15 of 2nd period - Oskar Back wins face-off versus Mark Kastelic in Phantoms zone.
2:21 of 2nd period - Icing by Jakob Pelletier.
2:22 of 2nd period - Mark Kastelic wins face-off versus Oskar Back in Devils zone.
2:35 of 2nd period - Shot by Sebastian AhoD.
2:35 of 2nd period - Stopped by Matt Villalta without a rebound.
2:36 of 2nd period - Oskar Back wins face-off versus Alex Limoges in Phantoms zone.
3:10 of 2nd period - Icing by Christian Wolanin.
3:11 of 2nd period - Oskar Back wins face-off versus Cole Schwindt in Devils zone.
3:36 of 2nd period - Shot by Calen Addison.
3:36 of 2nd period - Deflect By Jakob Pelletier.
3:36 of 2nd period - Shot Misses the Net.
4:30 of 2nd period - Jansen Harkins is hit by Jimmy Huntington.
5:19 of 2nd period - Shot by Bokondji Imama.
5:19 of 2nd period - Stopped by Joel Blomqvist with a rebound.
5:21 of 2nd period - Shot by Matej Blumel.
5:21 of 2nd period - Shot Misses the Net.
5:27 of 2nd period - Shot by Matt Rempe.
5:27 of 2nd period - Stopped by Joel Blomqvist without a rebound.
5:28 of 2nd period - Matt Rempe wins face-off versus Cole Schwindt in Devils zone.
5:34 of 2nd period - Icing by Matt Luff.
5:35 of 2nd period - Cole Schwindt wins face-off versus Oskar Back in Devils zone.
5:35 of 2nd period - Cole Schwindt is hit by Justin Kirkland.
5:56 of 2nd period - Minor Penalty to Leon Gawanke for Interference.
5:57 of 2nd period - Matt Rempe wins face-off versus Alex Limoges in Phantoms zone.
5:57 of 2nd period - Matt Rempe is hit by Alex Limoges.
6:19 of 2nd period - Shot by Arshdeep Bains.
6:19 of 2nd period - Goal by Arshdeep Bains - Phantoms : 0 - Devils : 2.
6:20 of 2nd period - Matej Blumel wins face-off versus Mark Kastelic in neutral zone.
7:17 of 2nd period - Justin Kirkland is hit by Kale Clague and loses puck.
7:38 of 2nd period - Shot by Alex Limoges.
7:38 of 2nd period - Shot Blocked by Simon Lundmark.
7:40 of 2nd period - Shot by Nick DeSimone.
7:40 of 2nd period - Shot Misses the Net.
7:47 of 2nd period - Icing by Simon Lundmark.
7:48 of 2nd period - Matt Luff wins face-off versus Fredrik Karlstrom in Phantoms zone.
8:07 of 2nd period - Shot by Matt Luff.
8:07 of 2nd period - Shot Misses the Net.
8:38 of 2nd period - Shot by Dryden Hunt.
8:38 of 2nd period - Shot Blocked by Christian Wolanin.
9:07 of 2nd period - Off-side.
9:08 of 2nd period - Oskar Back wins face-off versus Mark Kastelic in neutral zone.
9:08 of 2nd period - Matej Blumel is hit by Zach Aston-Reese and loses puck.
9:39 of 2nd period - Minor Penalty to Mark Kastelic for Holding.
9:40 of 2nd period - Alex Limoges wins face-off versus Ruslan Iskhakov in Devils zone.
9:54 of 2nd period - Off-side.
9:55 of 2nd period - Ruslan Iskhakov wins face-off versus Nathan Smith in neutral zone.
10:54 of 2nd period - Shot by Matt Rempe.
10:54 of 2nd period - Shot Misses the Net.
10:56 of 2nd period - Shot by Reilly Walsh.
10:56 of 2nd period - Shot Misses the Net.
10:58 of 2nd period - Shot by Matt Rempe.
10:58 of 2nd period - Stopped by Joel Blomqvist without a rebound.
10:59 of 2nd period - Cole Schwindt wins face-off versus Ruslan Iskhakov in Devils zone.
11:21 of 2nd period - Minor Penalty to Christian Wolanin for Roughing.
11:22 of 2nd period - Alex Limoges wins face-off versus Fredrik Karlstrom in Devils zone.
11:48 of 2nd period - Shot by Leon Gawanke.
11:48 of 2nd period - Stopped by Joel Blomqvist without a rebound.
11:49 of 2nd period - Mark Kastelic wins face-off versus Oskar Back in Devils zone.
11:49 of 2nd period - Mark Kastelic is hit by Oskar Back.
12:16 of 2nd period - Shot by Justin Bailey.
12:16 of 2nd period - Deflect By Oskar Back.
12:16 of 2nd period - Stopped by Joel Blomqvist without a rebound.
12:17 of 2nd period - Ruslan Iskhakov wins face-off versus Alex Limoges in Devils zone.
13:08 of 2nd period - Icing by Dryden Hunt.
13:09 of 2nd period - Alex Limoges wins face-off versus Fredrik Karlstrom in Phantoms zone.
13:15 of 2nd period - Off-side.
13:16 of 2nd period - Oskar Back wins face-off versus Mark Kastelic in neutral zone.
14:26 of 2nd period - Icing by Simon Lundmark.
14:27 of 2nd period - Ruslan Iskhakov wins face-off versus Mark Kastelic in Phantoms zone.
15:11 of 2nd period - Leon Gawanke is hit by Sebastian AhoD and loses puck.
15:26 of 2nd period - Shot by Bobby Brink.
15:26 of 2nd period - Deflect By Arshdeep Bains.
15:26 of 2nd period - Shot Misses the Net.
15:28 of 2nd period - Shot by Sebastian AhoD.
15:28 of 2nd period - Stopped by Matt Villalta without a rebound.
15:29 of 2nd period - Fredrik Karlstrom wins face-off versus Cole Schwindt in Phantoms zone.
15:54 of 2nd period - Icing by Kale Clague.
15:55 of 2nd period - Oskar Back wins face-off versus Cole Schwindt in Devils zone.
16:10 of 2nd period - Shot by Cole Schwindt.
16:10 of 2nd period - Stopped by Matt Villalta without a rebound.
16:11 of 2nd period - Alex Limoges wins face-off versus Oskar Back in Phantoms zone.
16:15 of 2nd period - Bobby Brink is hit by Reilly Walsh and loses puck.
17:16 of 2nd period - Shot by Mark Kastelic.
17:16 of 2nd period - Shot Misses the Net.
17:18 of 2nd period - Shot by Zach Aston-Reese.
17:18 of 2nd period - Shot Misses the Net.
17:27 of 2nd period - Icing by Fredrik Karlstrom.
17:28 of 2nd period - Fredrik Karlstrom wins face-off versus Cole Schwindt in Phantoms zone.
17:32 of 2nd period - Off-side.
17:33 of 2nd period - Cole Schwindt wins face-off versus Ruslan Iskhakov in neutral zone.
17:43 of 2nd period - Icing by Leon Gawanke.
17:44 of 2nd period - Ruslan Iskhakov wins face-off versus Mark Kastelic in Phantoms zone.
17:51 of 2nd period - Icing by Christian Wolanin.
17:52 of 2nd period - Mark Kastelic wins face-off versus Oskar Back in Devils zone.
18:05 of 2nd period - Oskar Back is hit by Zach Aston-Reese.
19:31 of 2nd period - Icing by Calen Addison.
19:32 of 2nd period - Cole Schwindt wins face-off versus Fredrik Karlstrom in Devils zone.
19:46 of 2nd period - Icing by Matt Rempe.
19:47 of 2nd period - Alex Limoges wins face-off versus Bokondji Imama in Phantoms zone.
Goals for this period are 0 for Phantoms vs 1 for Devils.
Shots for this period are 6 for Phantoms vs 4 for Devils.

3rd period


0:01 of 3rd period - Matt Luff wins face-off versus Matt Rempe in neutral zone.
0:08 of 3rd period - Shot by Zach Aston-Reese.
0:08 of 3rd period - Shot Misses the Net.
0:34 of 3rd period - Shot by Jimmy Huntington.
0:34 of 3rd period - Stopped by Matt Villalta with a rebound.
1:21 of 3rd period - Minor Penalty to Justin Kirkland for Hooking.
1:22 of 3rd period - Oskar Back wins face-off versus Adam Erne in Phantoms zone.
1:22 of 3rd period - Oskar Back is hit by Mark Kastelic.
1:42 of 3rd period - Shot by Christian Wolanin.
1:42 of 3rd period - Shot Blocked by Simon Lundmark.
2:39 of 3rd period - Off-side.
2:40 of 3rd period - Alex Limoges wins face-off versus Matt Rempe in neutral zone.
3:33 of 3rd period - Shot by Jansen Harkins.
3:33 of 3rd period - Shot Misses the Net.
4:45 of 3rd period - Shot by Arshdeep Bains.
4:45 of 3rd period - Stopped by Matt Villalta without a rebound.
4:46 of 3rd period - Cole Schwindt wins face-off versus Fredrik Karlstrom in Phantoms zone.
4:53 of 3rd period - Matt Luff is hit by Matt Rempe and loses puck.
5:10 of 3rd period - Shot by Matt Luff.
5:10 of 3rd period - Stopped by Matt Villalta without a rebound.
5:11 of 3rd period - Oskar Back wins face-off versus Alex Limoges in Phantoms zone.
5:23 of 3rd period - Shot by Simon Lundmark.
5:23 of 3rd period - Stopped by Joel Blomqvist without a rebound.
5:24 of 3rd period - Mark Kastelic wins face-off versus Fredrik Karlstrom in Devils zone.
5:24 of 3rd period - Mark Kastelic is hit by Matt Rempe.
5:43 of 3rd period - Icing by Robert Hagg.
5:44 of 3rd period - Matt Rempe wins face-off versus Alex Limoges in Phantoms zone.
6:03 of 3rd period - Connor Carrick is hit by Robert Hagg and loses puck.
6:06 of 3rd period - Shot by Alex Limoges.
6:06 of 3rd period - Shot Misses the Net.
6:08 of 3rd period - Shot by Arshdeep Bains.
6:08 of 3rd period - Goal by Arshdeep Bains - Phantoms : 0 - Devils : 3.
6:09 of 3rd period - Oskar Back wins face-off versus Cole Schwindt in neutral zone.
6:16 of 3rd period - Shot by Justin Kirkland.
6:16 of 3rd period - Shot Misses the Net.
6:18 of 3rd period - Shot by Simon Lundmark.
6:18 of 3rd period - Shot Misses the Net.
6:20 of 3rd period - Shot by Oskar Back.
6:20 of 3rd period - Shot Misses the Net.
6:37 of 3rd period - Shot by Oskar Back.
6:37 of 3rd period - Shot Misses the Net.
6:39 of 3rd period - Shot by Simon Lundmark.
6:39 of 3rd period - Stopped by Joel Blomqvist with a rebound.
6:41 of 3rd period - Shot by Simon Lundmark.
6:41 of 3rd period - Shot Blocked by Matt Luff.
6:43 of 3rd period - Shot by Matej Blumel.
6:43 of 3rd period - Goal by Matej Blumel - Phantoms : 1 - Devils : 3.
6:44 of 3rd period - Ruslan Iskhakov wins face-off versus Mark Kastelic in neutral zone.
6:59 of 3rd period - Calen Addison is hit by Jansen Harkins and loses puck.
7:26 of 3rd period - Dryden Hunt is hit by Calen Addison and loses puck.
7:44 of 3rd period - Off-side.
7:45 of 3rd period - Cole Schwindt wins face-off versus Oskar Back in neutral zone.
7:52 of 3rd period - Leon Gawanke is hit by Adam Erne and loses puck.
8:18 of 3rd period - Shot by Matt Luff.
8:18 of 3rd period - Deflect By Adam Erne.
8:18 of 3rd period - Shot Misses the Net.
8:20 of 3rd period - Shot by Matt Luff.
8:20 of 3rd period - Shot Hit the Post.
8:32 of 3rd period - Connor Carrick is hit by Oskar Back and loses puck.
8:55 of 3rd period - Nick DeSimone is hit by Matt Rempe and loses puck.
9:18 of 3rd period - Shot by Kale Clague.
9:18 of 3rd period - Deflect By Bobby Brink.
9:18 of 3rd period - Stopped by Matt Villalta with a rebound.
9:20 of 3rd period - Shot by Arshdeep Bains.
9:20 of 3rd period - Stopped by Matt Villalta with a rebound.
10:09 of 3rd period - Shot by Jimmy Huntington.
10:09 of 3rd period - Shot Misses the Net.
10:11 of 3rd period - Shot by Matt Luff.
10:11 of 3rd period - Stopped by Matt Villalta without a rebound.
10:12 of 3rd period - Alex Limoges wins face-off versus Ruslan Iskhakov in Phantoms zone.
10:25 of 3rd period - Shot by Dryden Hunt.
10:25 of 3rd period - Shot Misses the Net.
10:48 of 3rd period - Icing by Jansen Harkins.
10:49 of 3rd period - Cole Schwindt wins face-off versus Ruslan Iskhakov in Phantoms zone.
11:10 of 3rd period - Shot by Cole Schwindt.
11:10 of 3rd period - Stopped by Matt Villalta without a rebound.
11:11 of 3rd period - Justin Kirkland wins face-off versus Mark Kastelic in Phantoms zone.
11:35 of 3rd period - Shot by Matej Blumel.
11:35 of 3rd period - Shot Blocked by Connor Carrick.
11:37 of 3rd period - Shot by Matej Blumel.
11:37 of 3rd period - Stopped by Joel Blomqvist without a rebound.
11:38 of 3rd period - Fredrik Karlstrom wins face-off versus Arshdeep Bains in Devils zone.
11:43 of 3rd period - Shot by Matt Rempe.
11:43 of 3rd period - Goal by Matt Rempe - Phantoms : 2 - Devils : 3.
11:44 of 3rd period - Fredrik Karlstrom wins face-off versus Alex Limoges in neutral zone.
12:34 of 3rd period - Jimmy Huntington is hit by Robert Hagg and loses puck.
12:39 of 3rd period - Shot by Matt Luff.
12:39 of 3rd period - Stopped by Matt Villalta with a rebound.
12:46 of 3rd period - Minor Penalty to Robert Hagg for Tripping.
12:47 of 3rd period - Mark Kastelic wins face-off versus Oskar Back in Phantoms zone.
13:34 of 3rd period - Shot by Matej Blumel.
13:34 of 3rd period - Stopped by Joel Blomqvist without a rebound.
13:35 of 3rd period - Alex Limoges wins face-off versus Oskar Back in Devils zone.
13:42 of 3rd period - Shot by Sebastian AhoD.
13:42 of 3rd period - Stopped by Matt Villalta with a rebound.
13:44 of 3rd period - Shot by Sebastian AhoD.
13:44 of 3rd period - Stopped by Matt Villalta without a rebound.
13:45 of 3rd period - Alex Limoges wins face-off versus Ruslan Iskhakov in Phantoms zone.
13:46 of 3rd period - Shot by Calen Addison.
13:46 of 3rd period - Stopped by Matt Villalta with a rebound.
13:48 of 3rd period - Shot by Alex Limoges.
13:48 of 3rd period - Shot Misses the Net.
13:50 of 3rd period - Shot by Cole Schwindt.
13:50 of 3rd period - Stopped by Matt Villalta with a rebound.
13:52 of 3rd period - Shot by Sebastian AhoD.
13:52 of 3rd period - Stopped by Matt Villalta without a rebound.
13:53 of 3rd period - Oskar Back wins face-off versus Alex Limoges in Phantoms zone.
14:28 of 3rd period - Shot by Alex Limoges.
14:28 of 3rd period - Stopped by Matt Villalta without a rebound.
14:29 of 3rd period - Mark Kastelic wins face-off versus Matt Rempe in Phantoms zone.
14:29 of 3rd period - Mark Kastelic is hit by Ville Heinola.
14:43 of 3rd period - Shot by Sebastian AhoD.
14:43 of 3rd period - Shot Blocked by Ville Heinola.
14:45 of 3rd period - Shot by Sebastian AhoD.
14:45 of 3rd period - Shot Blocked by Matt Rempe.
14:46 of 3rd period - Minor Penalty to Leon Gawanke for Tripping.
14:47 of 3rd period - Mark Kastelic wins face-off versus Oskar Back in Phantoms zone.
15:03 of 3rd period - Shot by Sebastian AhoD.
15:03 of 3rd period - Stopped by Matt Villalta with a rebound.
15:05 of 3rd period - Shot by Sebastian AhoD.
15:05 of 3rd period - Shot Misses the Net.
15:07 of 3rd period - Shot by Calen Addison.
15:07 of 3rd period - Shot Misses the Net.
15:08 of 3rd period - Minor Penalty to Robert Hagg for Tripping.
15:09 of 3rd period - Fredrik Karlstrom wins face-off versus Alex Limoges in Phantoms zone.
16:47 of 3rd period - Shot by Alex Limoges.
16:47 of 3rd period - Stopped by Matt Villalta with a rebound.
16:49 of 3rd period - Shot by Connor Carrick.
16:49 of 3rd period - Stopped by Matt Villalta without a rebound.
16:50 of 3rd period - Oskar Back wins face-off versus William Lockwood in Phantoms zone.
17:23 of 3rd period - Icing by Matt Rempe.
17:24 of 3rd period - Jimmy Huntington wins face-off versus Matt Rempe in Phantoms zone.
17:32 of 3rd period - Dryden Hunt is hit by Nick DeSimone and loses puck.
17:35 of 3rd period - Shot by Jansen Harkins.
17:35 of 3rd period - Stopped by Joel Blomqvist without a rebound.
17:36 of 3rd period - Mark Kastelic wins face-off versus Oskar Back in Devils zone.
18:13 of 3rd period - Icing by Christian Wolanin.
18:14 of 3rd period - Matt Rempe wins face-off versus Mark Kastelic in Devils zone.
18:24 of 3rd period - Icing by Christian Wolanin.
18:25 of 3rd period - Zach Aston-Reese wins face-off versus Bokondji Imama in Devils zone.
18:25 of 3rd period - Zach Aston-Reese is hit by Matt Rempe.
18:30 of 3rd period - Minor Penalty to Matt Rempe for Holding.
18:31 of 3rd period - Oskar Back wins face-off versus Alex Limoges in Phantoms zone.
18:40 of 3rd period - Shot by Fredrik Karlstrom.
18:40 of 3rd period - Stopped by Joel Blomqvist with a rebound.
19:28 of 3rd period - Shot by Jakob Pelletier.
19:28 of 3rd period - Stopped by Matt Villalta without a rebound.
19:29 of 3rd period - Oskar Back wins face-off versus Mark Kastelic in Phantoms zone.
Goals for this period are 2 for Phantoms vs 1 for Devils.
Shots for this period are 8 for Phantoms vs 19 for Devils.